[Event "K11"]
[Site "?"]
[Date "2022.07.27"]
[Round "6"]
[White "Zacek, Petr"]
[Black "Fitzke, Ulrich"]
[Result "1-0"]
[ECO "D55"]
[WhiteElo "1867"]
[BlackElo "1740"]
[Annotator ",martin-koller@seznam"]
[PlyCount "73"]
[TimeControl "240+2"]

{600MB, Fritz10.ctg} 1. d4 d5 2. c4 e6 3. Nc3 Nf6 4. Bg5 Be7 5. cxd5 Nxd5 6.
Bxe7 Nxe7 7. Nf3 O-O 8. e3 b6 9. Bd3 Nd5 10. Nxd5 Qxd5 11. Qc2 Qa5+ 12. Nd2 Ba6
13. Bxh7+ Kh8 14. Bd3 Rc8 15. O-O c5 16. Nc4 Bxc4 17. Qxc4 Nc6 18. dxc5 Ne5 19.
Qh4+ Kg8 20. Qh7+ Kf8 21. Be4 Rab8 22. cxb6 Qxb6 23. Qh8+ Ke7 24. Qxg7 Nc4 25.
Qg5+ Kf8 26. Rfd1 Rd8 27. b3 Nd2 28. Bh7 Rd5 29. Qh6+ Ke7 30. e4 Nxe4 31. Bxe4
Rxd1+ 32. Rxd1 Rd8 33. Qg5+ Ke8 34. Rxd8+ Qxd8 35. Bc6+ Qd7 36. Bxd7+ Kxd7 37.
Qf6 1-0

[Event "K11"]
[Site "?"]
[Date "2022.07.27"]
[Round "6"]
[White "Spindler, Markus"]
[Black "Cisarik, Pavol"]
[Result "1-0"]
[ECO "C57"]
[WhiteElo "1903"]
[BlackElo "1652"]
[Annotator ",martin-koller@seznam"]
[PlyCount "41"]
[TimeControl "240+2"]

{600MB, Fritz10.ctg} 1. e4 e5 2. Nf3 Nc6 3. Bc4 Nf6 4. Ng5 d5 5. exd5 Nd4 6. c3
b5 7. Bf1 Nxd5 8. Nxf7 Kxf7 9. cxd4 Bb7 10. dxe5 Bb4 11. Qf3+ Kg8 12. Bxb5 Qe7
13. O-O Rf8 14. Qb3 Qxe5 15. d4 Qxd4 16. Bc4 Rf7 17. Be3 Nxe3 18. Bxf7+ Kf8 19.
Qxe3 Qe4 20. Qxe4 Bxe4 21. Bc4 1-0

[Event "K11"]
[Site "?"]
[Date "2022.07.27"]
[Round "6"]
[White "Hozda, Max"]
[Black "Schimmer, Michael"]
[Result "1-0"]
[ECO "B14"]
[WhiteElo "1832"]
[BlackElo "1862"]
[Annotator ",martin-koller@seznam"]
[PlyCount "49"]
[TimeControl "240+2"]

{600MB, Fritz10.ctg} 1. d4 Nf6 2. c4 e6 3. Nc3 Bb4 4. e3 O-O 5. Bd3 d5 6. Nf3
c5 7. cxd5 cxd4 8. exd4 exd5 9. O-O Bg4 10. Bg5 Bxc3 11. bxc3 h6 12. Bf4 Qa5
13. h3 Bxf3 14. Qxf3 Nbd7 15. Rfb1 Rfc8 16. Bd2 Qc7 17. Rb3 Re8 18. Bf4 Qc8 19.
Bf5 Ne4 20. Qg4 Re7 21. Bxh6 g6 22. f3 Nd6 23. Bxg6 fxg6 24. Qxg6+ Kh8 25. Qxd6
1-0

[Event "K11"]
[Site "?"]
[Date "2022.07.27"]
[Round "6"]
[White "Geike, Eberhard"]
[Black "Plesnivy, Martin"]
[Result "0-1"]
[ECO "B46"]
[WhiteElo "1801"]
[BlackElo "1644"]
[Annotator ",martin-koller@seznam"]
[PlyCount "70"]
[TimeControl "240+2"]

{600MB, Fritz10.ctg} 1. e4 c5 2. Nf3 Nc6 3. d4 cxd4 4. Nxd4 a6 5. Nc3 e6 6. Nf3
Bc5 7. Bd3 Nf6 8. O-O d6 9. Ne2 O-O 10. c3 Ng4 11. b4 Ba7 12. Bg5 Qc7 13. Bh4
Nge5 14. Nxe5 Nxe5 15. Rc1 Bd7 16. Bb1 Bb5 17. Re1 f6 18. Nd4 Bc4 19. Kh1 Ng6
20. Bg3 Rad8 21. a3 Ne5 22. f4 Nc6 23. Nf3 d5 24. Qc2 g6 25. f5 e5 26. fxg6
dxe4 27. Rxe4 Bd3 28. gxh7+ Kh8 29. Qb3 Bxe4 30. Bxe4 Qf7 31. Qc2 Be3 32. Rf1
Qc4 33. Re1 Bh6 34. Qf2 Qxc3 35. Bh4 Ne7 0-1

[Event "K11"]
[Site "?"]
[Date "2022.07.27"]
[Round "6"]
[White "Hosova, Sandra"]
[Black "Hurtak, Otto"]
[Result "1/2-1/2"]
[ECO "D02"]
[WhiteElo "1779"]
[BlackElo "1957"]
[Annotator ",martin-koller@seznam"]
[PlyCount "148"]
[TimeControl "240+2"]

{600MB, Fritz10.ctg} 1. d4 d5 2. Nf3 e6 3. Bf4 Bd6 4. Bg3 Nf6 5. e3 O-O 6. Bd3
c5 7. c3 Qc7 8. Ne5 Nbd7 9. f4 Ne4 10. Nd2 f5 11. Nxd7 Bxd7 12. Nf3 cxd4 13.
Nxd4 a6 14. Qb3 Nc5 15. Qc2 b5 16. O-O Nxd3 17. Qxd3 Qc4 18. Qxc4 bxc4 19. Rad1
Rab8 20. Rd2 Rb6 21. Rff2 Rfb8 22. Rfe2 Kf7 23. Kf2 h6 24. Ke1 Ba4 25. Kf2 a5
26. Kf3 Rg8 27. Re1 Ke7 28. Kf2 Rc8 29. Ree2 Rcb8 30. Kf1 R8b7 31. Kf2 Bd7 32.
Nf3 Be8 33. Rc2 Bh5 34. Red2 Bxf3 35. Kxf3 a4 36. a3 Kf6 37. Re2 Rb8 38. Rcd2
Re8 39. Kf2 Rb7 40. Rd1 Bc5 41. Kf1 Rb6 42. Rdd2 Bd6 43. Kf2 Rd8 44. Kf3 g5 45.
Rd1 Bb8 46. Rdd2 Rb7 47. Rd1 Rbd7 48. Rdd2 Re8 49. Rd1 Bc7 50. Rdd2 e5 51. Rd1
exf4 52. exf4 Rxe2 53. fxg5+ hxg5 54. Kxe2 Bb6 55. Bf2 Re7+ 56. Kf1 Bxf2 57.
Kxf2 Re5 58. Rd2 f4 59. Kf3 Kf5 60. h3 Re3+ 61. Kf2 Ke4 62. Rd4+ Ke5 63. Rd2
Re4 64. Kf3 Re3+ 65. Kf2 Kd6 66. Rd4 Re4 67. Rd2 Ke6 68. Rd1 Ke5 69. Kf1 Re3
70. Kf2 Kd6 71. Rd2 Ke6 72. Rd1 Re5 73. Rd2 Re4 74. Kf3 Re3+ 1/2-1/2

[Event "M11"]
[Site "?"]
[Date "2022.07.28"]
[Round "7"]
[White "Hentzgen, Thomas"]
[Black "Wunsch, Ulrich"]
[Result "1/2-1/2"]
[ECO "B26"]
[WhiteElo "2022"]
[BlackElo "1969"]
[Annotator ",martin-koller@seznam"]
[PlyCount "43"]
[TimeControl "240+2"]

{600MB, Fritz10.ctg} 1. e4 c5 2. Nc3 Nc6 3. g3 g6 4. Bg2 Bg7 5. d3 d6 6. Be3 e6
7. Qd2 Nd4 8. Nd1 Ne7 9. c3 Ndc6 10. Bh6 O-O 11. h4 f6 12. Ne2 Rf7 13. Bxg7
Kxg7 14. Ne3 e5 15. O-O-O b5 16. d4 Qa5 17. Kb1 c4 18. dxe5 dxe5 19. Qd6 Ba6
20. Qc5 Rc8 21. Nc1 Nd8 22. Qd6 1/2-1/2

[Event "M11"]
[Site "?"]
[Date "2022.07.28"]
[Round "7"]
[White "Hajek, Zdenek"]
[Black "Soural, Jan"]
[Result "1/2-1/2"]
[ECO "D78"]
[WhiteElo "1958"]
[BlackElo "2119"]
[Annotator ",martin-koller@seznam"]
[PlyCount "34"]
[TimeControl "240+2"]

{600MB, Fritz10.ctg} 1. d4 Nf6 2. Nf3 g6 3. c4 Bg7 4. g3 c6 5. Bg2 d5 6. O-O
O-O 7. Nbd2 Bf5 8. b3 a5 9. Bb2 Qb6 10. a3 Rd8 11. Rc1 Ne4 12. c5 Qc7 13. Nh4
Nxd2 14. Qxd2 Bc8 15. f4 f5 16. Nf3 Nd7 17. Ne5 Nf6 1/2-1/2

[Event "M11"]
[Site "?"]
[Date "2022.07.28"]
[Round "7"]
[White "Matthai, Jakob"]
[Black "Thomasson, Staffan"]
[Result "1-0"]
[ECO "B15"]
[WhiteElo "1997"]
[BlackElo "1749"]
[Annotator ",martin-koller@seznam"]
[PlyCount "67"]
[TimeControl "240+2"]

{600MB, Fritz10.ctg} 1. e4 g6 2. d4 c6 3. Nc3 d5 4. Nf3 dxe4 5. Nxe4 Bg7 6. Be2
Nd7 7. O-O Ngf6 8. Nxf6+ Nxf6 9. Re1 O-O 10. c3 Re8 11. Bf4 Qb6 12. Qc1 Bf5 13.
Be5 Rad8 14. a4 a5 15. Bc4 Bf8 16. Ra3 Nd5 17. h3 Qa7 18. Ra1 Nb6 19. Bb3 Nd7
20. Ng5 Nxe5 21. Rxe5 e6 22. g4 Bd3 23. Qf4 b6 24. Qf3 Ba6 25. Rae1 Bc8 26. Ne4
Re7 27. Nf6+ Kh8 28. g5 c5 29. d5 exd5 30. Nxd5 Bf5 31. Nxe7 Rd3 32. Qc6 Bd7
33. Qf6+ Bg7 34. Qxf7 1-0

[Event "M11"]
[Site "?"]
[Date "2022.07.28"]
[Round "7"]
[White "Kalisky, Vladimir"]
[Black "Hartwig, Mail"]
[Result "1/2-1/2"]
[ECO "B06"]
[WhiteElo "2137"]
[BlackElo "2051"]
[Annotator ",martin-koller@seznam"]
[PlyCount "114"]
[TimeControl "240+2"]

{600MB, Fritz10.ctg} 1. e4 g6 2. d4 Bg7 3. Nf3 d6 4. Bd3 Bg4 5. c3 Nc6 6. Nbd2
e5 7. Qb3 exd4 8. cxd4 Nge7 9. d5 Ne5 10. Nxe5 Bxe5 11. Nc4 Bg7 12. Qxb7 O-O
13. O-O f5 14. f3 fxe4 15. Bxe4 Bd4+ 16. Be3 Bxe3+ 17. Nxe3 Bf5 18. b3 Qd7 19.
Rac1 Rfc8 20. Rc2 a5 21. Rfc1 Rab8 22. Qa7 c5 23. Qxa5 Rf8 24. Qe1 Bxe4 25.
fxe4 Rf4 26. Rc4 Rbf8 27. Qg3 Qa7 28. Nf5 R4xf5 29. exf5 Nxf5 30. Qd3 Qxa2 31.
Rf4 Rb8 32. b4 Rxb4 33. Rxf5 gxf5 34. Qxf5 Qe2 35. Rf1 Qe7 36. h3 Rb8 37. Rf3
Rf8 38. Qg4+ Kh8 39. Rg3 Qe1+ 40. Kh2 Qe5 41. h4 c4 42. h5 c3 43. h6 Re8 44.
Qg7+ Qxg7 45. hxg7+ Kg8 46. Rxc3 Kxg7 47. Rc7+ Kf6 48. Rxh7 Re5 49. Rh6+ Ke7
50. g4 Rxd5 51. Kg3 Kf7 52. Kf4 Rd1 53. Kg5 Rd5+ 54. Kf4 Rd4+ 55. Kf5 Rd5+ 56.
Ke4 Rd1 57. Kf4 Rd4+ 1/2-1/2

[Event "M11"]
[Site "?"]
[Date "2022.07.28"]
[Round "7"]
[White "Knechtel, Roland"]
[Black "Petras, Milan"]
[Result "1-0"]
[ECO "A36"]
[WhiteElo "2210"]
[BlackElo "1868"]
[Annotator ",martin-koller@seznam"]
[PlyCount "107"]
[TimeControl "240+2"]

{600MB, Fritz10.ctg} 1. c4 e5 2. Nc3 c5 3. g3 Nc6 4. Bg2 d6 5. e3 f5 6. d3 Nf6
7. Nge2 g6 8. a3 Bg7 9. Rb1 Qe7 10. Nd5 Nxd5 11. cxd5 Nb8 12. O-O Nd7 13. b4
cxb4 14. axb4 b5 15. Qb3 Bb7 16. Bb2 O-O 17. Rbc1 Nb6 18. Rc2 Rfc8 19. Rfc1
Rxc2 20. Rxc2 Rc8 21. Rxc8+ Bxc8 22. f3 Na4 23. Bc1 Bh6 24. Qc2 Bb7 25. e4 Bxc1
26. Qxc1 fxe4 27. fxe4 Kg7 28. Bh3 Qd8 29. Kg2 Nb6 30. d4 Nc4 31. dxe5 dxe5 32.
Qg1 Qb6 33. Qxb6 Nxb6 34. Nc1 Nc4 35. Nd3 Kf6 36. Nc5 Nd6 37. Kf3 Bc8 38. Bxc8
Nxc8 39. Nd7+ Ke7 40. Nxe5 Kd6 41. Nc6 a6 42. Ke3 Nb6 43. Kd4 Nd7 44. e5+ Kc7
45. h3 h6 46. Ne7 Nf8 47. h4 Kd7 48. Nc6 Kc7 49. e6 Nxe6+ 50. dxe6 Kxc6 51. Ke5
Kc7 52. Kf6 a5 53. bxa5 b4 54. e7 1-0

[Event "K11"]
[Site "?"]
[Date "2022.07.28"]
[Round "7"]
[White "Schimmer, Michael"]
[Black "Hosova, Sandra"]
[Result "1/2-1/2"]
[ECO "B38"]
[WhiteElo "1862"]
[BlackElo "1779"]
[Annotator ",martin-koller@seznam"]
[PlyCount "60"]
[TimeControl "240+2"]

{600MB, Fritz10.ctg} 1. e4 c5 2. Nf3 Nc6 3. d4 cxd4 4. Nxd4 g6 5. c4 Bg7 6. Be3
d6 7. Nc3 Bd7 8. Be2 Nf6 9. O-O O-O 10. f3 Rc8 11. Rc1 Ne8 12. b3 Qb6 13. Nd5
Qd8 14. Qd2 Nc7 15. f4 Nxd5 16. exd5 Nxd4 17. Bxd4 b6 18. Be3 Rc7 19. Bd3 f5
20. Rc2 Qe8 21. Qf2 Qf7 22. a4 Ra8 23. Ra2 Qe8 24. Re1 Bf6 25. Qf1 Rb7 26. Ree2
a5 27. Qf2 Rab8 28. Rac2 Qf7 29. Rc1 Qg7 30. Kh1 Qh6 1/2-1/2

[Event "K11"]
[Site "?"]
[Date "2022.07.28"]
[Round "7"]
[White "Hurtak, Otto"]
[Black "Zacek, Petr"]
[Result "1-0"]
[ECO "A36"]
[WhiteElo "1957"]
[BlackElo "1867"]
[Annotator ",martin-koller@seznam"]
[PlyCount "103"]
[TimeControl "240+2"]

{600MB, Fritz10.ctg} 1. c4 c5 2. Nc3 Nc6 3. g3 Nf6 4. Bg2 d6 5. d3 g6 6. e4 Bg7
7. Nge2 O-O 8. O-O e5 9. h3 a6 10. Bg5 h6 11. Be3 Nd4 12. f4 Rb8 13. fxe5 dxe5
14. g4 Ne8 15. Qd2 Kh7 16. g5 h5 17. Nd5 Be6 18. Nxd4 cxd4 19. Bf2 Bxd5 20.
exd5 f6 21. gxf6 Bxf6 22. Qe2 Nd6 23. Bg3 Re8 24. c5 Nf5 25. Rxf5 gxf5 26.
Qxh5+ Kg7 27. Qxf5 Qc8 28. Be4 Qxf5 29. Bxf5 Rbd8 30. Be6 Rxe6 31. dxe6 Re8 32.
b4 Rxe6 33. a4 e4 34. dxe4 Rxe4 35. Re1 d3 36. Rxe4 d2 37. Re1 Bd4+ 38. Kg2
dxe1=Q 39. Bxe1 Kg6 40. Bf2 Be5 41. b5 Kf6 42. c6 axb5 43. axb5 bxc6 44. bxc6
Ke6 45. Bg3 Bf6 46. Kf3 Ke7 47. Kg4 Ke6 48. h4 Bc3 49. h5 Bf6 50. c7 Kd7 51.
Kf5 Bc3 52. h6 1-0

[Event "K11"]
[Site "?"]
[Date "2022.07.28"]
[Round "7"]
[White "Fitzke, Ulrich"]
[Black "Geike, Eberhard"]
[Result "0-1"]
[ECO "E52"]
[WhiteElo "1740"]
[BlackElo "1801"]
[Annotator ",martin-koller@seznam"]
[PlyCount "106"]
[TimeControl "240+2"]

{600MB, Fritz10.ctg} 1. d4 e6 2. a3 b6 3. c4 Bb7 4. e3 Nf6 5. Nc3 Be7 6. Nf3
O-O 7. Be2 d5 8. O-O Nbd7 9. b4 dxc4 10. Bxc4 Bd6 11. Nb5 Be7 12. Qe2 Ne4 13.
Bb2 Ndf6 14. Rac1 Nd6 15. Bd3 h6 16. Ne5 Nxb5 17. Bxb5 a5 18. Nc6 Bxc6 19. Bxc6
Ra7 20. b5 Nd7 21. Rc2 Nb8 22. Bf3 Bd6 23. Rfc1 Qe7 24. a4 Rc8 25. Rc4 Nd7 26.
g3 Nf6 27. Qc2 Nd5 28. Bxd5 exd5 29. Rc6 Re8 30. Qf5 Qe6 31. Qc2 Raa8 32. Ba3
Rab8 33. Bxd6 cxd6 34. Rc7 Red8 35. Qc6 h5 36. h4 g6 37. Rb7 Rbc8 38. Rc7 Rb8
39. Qc3 Qe4 40. Qa3 Qe6 41. R1c6 Kg7 42. Ra7 Rbc8 43. Ra6 Qe4 44. Qc1 Qf5 45.
Raxb6 g5 46. hxg5 h4 47. Rxc8 Rxc8 48. Rc6 Rh8 49. f4 hxg3 50. Qf1 Qe4 51. Qg2
Qb1+ 52. Qf1 Rh1+ 53. Kxh1 Qxf1# 0-1

[Event "K11"]
[Site "?"]
[Date "2022.07.28"]
[Round "7"]
[White "Cisarik, Pavol"]
[Black "Hozda, Max"]
[Result "1/2-1/2"]
[ECO "B12"]
[WhiteElo "1652"]
[BlackElo "1832"]
[Annotator ",martin-koller@seznam"]
[PlyCount "144"]
[TimeControl "240+2"]

{600MB, Fritz10.ctg} 1. e4 c6 2. d4 d5 3. e5 c5 4. dxc5 e6 5. b4 a5 6. c3 axb4
7. cxb4 b6 8. Be3 bxc5 9. bxc5 Nd7 10. Nf3 Bxc5 11. Bxc5 Nxc5 12. Bb5+ Bd7 13.
Bxd7+ Qxd7 14. O-O Ne7 15. Qd4 Ne4 16. Nbd2 Nc6 17. Qe3 Nxd2 18. Nxd2 O-O 19.
Rfc1 Rfc8 20. a4 Na5 21. Rc5 d4 22. Qa3 Rxc5 23. Qxc5 Nb7 24. Qb4 Qd5 25. f4
Nc5 26. Rb1 h6 27. a5 Nd3 28. Qc4 Nxf4 29. Qxd5 Nxd5 30. Nc4 f6 31. exf6 gxf6
32. Rb7 e5 33. Rd7 Nb4 34. Rb7 Nc6 35. Rb5 Ra7 36. Rc5 Nb4 37. Rb5 Nc6 38. Rc5
Ne7 39. Nd6 Kg7 40. Ne8+ Kf7 41. Nd6+ Kg6 42. Ne4 Kf5 43. Nd6+ Kg6 44. Ne8 Rd7
45. Rc7 Rxc7 46. Nxc7 Nc6 47. a6 Na7 48. Kf2 Kf5 49. Ke2 e4 50. Nd5 Ke5 51. Ne7
Ke6 52. Ng6 Nb5 53. Nf4+ Ke5 54. g3 f5 55. Ng6+ Ke6 56. h3 Kd6 57. Nh4 Ke6 58.
Ng6 Na7 59. g4 fxg4 60. hxg4 Kf6 61. Nf8 Nb5 62. Nd7+ Kg5 63. Ne5 Na7 64. Nf7+
Kg6 65. Ne5+ Kf6 66. Nd7+ Kg5 67. Nc5 Kxg4 68. Nxe4 Kf5 69. Kf3 Nc6 70. Nd6+
Ke6 71. Nb5 h5 72. Ke4 Kd7 1/2-1/2

[Event "K11"]
[Site "?"]
[Date "2022.07.28"]
[Round "7"]
[White "Plesnivy, Martin"]
[Black "Spindler, Markus"]
[Result "1-0"]
[ECO "D36"]
[WhiteElo "1644"]
[BlackElo "1903"]
[Annotator ",martin-koller@seznam"]
[PlyCount "143"]
[TimeControl "240+2"]

{600MB, Fritz10.ctg} 1. d4 d5 2. c4 e6 3. Nc3 f5 4. cxd5 exd5 5. Nf3 Nf6 6. Bg5
Be7 7. e3 O-O 8. Qc2 c6 9. Bd3 Ne4 10. Bxe7 Qxe7 11. Ne5 Nd7 12. Nf3 Ndf6 13.
O-O-O Ng4 14. Rhf1 Nexf2 15. Rxf2 Nxf2 16. Qxf2 Bd7 17. Ne5 Be6 18. Rf1 Rac8
19. Kb1 Rc7 20. g4 g6 21. Qg3 Qg7 22. Ne2 fxg4 23. Nf4 Bf5 24. Bxf5 Rxf5 25.
Nxg4 g5 26. Re1 gxf4 27. Nh6+ Kf8 28. Qxg7+ Rxg7 29. Nxf5 Rg5 30. Nh4 fxe3 31.
Rxe3 Rg4 32. Nf3 Rf4 33. Ng5 Rf1+ 34. Kc2 Rf2+ 35. Kc3 Rxh2 36. Ne6+ Kf7 37.
Nd8+ Kf6 38. Nxb7 h5 39. Na5 h4 40. Nxc6 Rh1 41. Ne5 Kg5 42. Nf3+ Kf4 43. Rd3
h3 44. Kb4 h2 45. b3 a5+ 46. Kb5 Ke4 47. Rc3 Ra1 48. Nxh2 Rxa2 49. Nf3 Ra3 50.
Kc5 a4 51. Nd2+ Kf5 52. Kxd5 axb3 53. Rxb3 Ra5+ 54. Kc4 Ra2 55. Nf3 Ke4 56.
Ng5+ Kf4 57. Ne6+ Kf5 58. Nc5 Kf6 59. Kd5 Ke7 60. Kc6 Ra8 61. Rb7+ Ke8 62. d5
Kd8 63. Ne6+ Kc8 64. Nc7 Ra1 65. Nb5 Rc1+ 66. Kb6 Rb1 67. Rh7 Kd8 68. Kc6 Rc1+
69. Kd6 Ke8 70. Nc7+ Kf8 71. Ne6+ Ke8 72. Re7# 1-0

[Event "M11"]
[Site "?"]
[Date "2022.07.28"]
[Round "8"]
[White "Hartwig, Mail"]
[Black "Wunsch, Ulrich"]
[Result "1/2-1/2"]
[ECO "D00"]
[WhiteElo "2051"]
[BlackElo "1969"]
[Annotator ",martin-koller@seznam"]
[PlyCount "62"]
[TimeControl "240+2"]

{600MB, Fritz10.ctg} 1. d4 Nf6 2. Bf4 d5 3. e3 c5 4. c3 Qb6 5. Qb3 c4 6. Qxb6
axb6 7. Nd2 Nc6 8. f3 e6 9. g4 Be7 10. Ne2 b5 11. Bg2 b4 12. Kf2 O-O 13. h4 b5
14. e4 Bb7 15. g5 Nh5 16. Be3 Bd6 17. f4 g6 18. exd5 exd5 19. Bxd5 Rfe8 20. Ne4
Bf8 21. N2g3 Nxg3 22. Nxg3 Na5 23. Bxb7 Nxb7 24. Kf3 bxc3 25. bxc3 Nd6 26. Rhe1
Ra3 27. Bd2 Rea8 28. Ne4 Nxe4 29. Rxe4 Rxa2 30. Rxa2 Rxa2 31. Be1 Bd6 1/2-1/2

[Event "K11"]
[Site "?"]
[Date "2022.07.28"]
[Round "8"]
[White "Hozda, Max"]
[Black "Plesnivy, Martin"]
[Result "1-0"]
[ECO "D36"]
[WhiteElo "1832"]
[BlackElo "1644"]
[Annotator ",martin-koller@seznam"]
[PlyCount "39"]
[TimeControl "240+2"]

{600MB, Fritz10.ctg} 1. d4 d5 2. c4 e6 3. Nc3 Nf6 4. cxd5 exd5 5. Bg5 c6 6. Qc2
Be7 7. e3 O-O 8. Bd3 h6 9. Bh4 Nbd7 10. Nf3 Re8 11. O-O Ne4 12. Bxe7 Qxe7 13.
Rab1 Ndf6 14. b4 Bg4 15. Ne5 Nxc3 16. Qxc3 a6 17. a4 Ne4 18. Bxe4 dxe4 19. Nxg4
f6 20. f4 1-0

[Event "K11"]
[Site "?"]
[Date "2022.07.28"]
[Round "8"]
[White "Zacek, Petr"]
[Black "Geike, Eberhard"]
[Result "0-1"]
[ECO "C02"]
[WhiteElo "1867"]
[BlackElo "1801"]
[Annotator ",martin-koller@seznam"]
[PlyCount "62"]
[TimeControl "240+2"]

{600MB, Fritz10.ctg} 1. d4 e6 2. e4 c5 3. c3 d5 4. e5 Bd7 5. Nf3 Nc6 6. Be2 Qb6
7. O-O cxd4 8. cxd4 Nge7 9. b3 Nf5 10. Be3 Be7 11. Nc3 O-O 12. g4 Nxe3 13. fxe3
f6 14. exf6 Rxf6 15. g5 Rff8 16. Kh1 Be8 17. Rg1 Bb4 18. Na4 Qd8 19. a3 Bd6 20.
b4 Ne7 21. Nc5 Bxc5 22. dxc5 Bg6 23. Bd3 Bxd3 24. Qxd3 Rxf3 25. Qe2 Rf5 26. h4
Qc7 27. Qg4 Qe5 28. Rae1 Raf8 29. e4 Rf4 30. Qg3 Ng6 31. h5 Rh4+ 0-1

[Event "K11"]
[Site "?"]
[Date "2022.07.28"]
[Round "8"]
[White "Hurtak, Otto"]
[Black "Schimmer, Michael"]
[Result "1-0"]
[ECO "A36"]
[WhiteElo "1957"]
[BlackElo "1862"]
[Annotator ",martin-koller@seznam"]
[PlyCount "47"]
[TimeControl "240+2"]

{600MB, Fritz10.ctg} 1. c4 Nf6 2. Nc3 c5 3. g3 e6 4. Bg2 Be7 5. e4 Nc6 6. Nge2
O-O 7. O-O Rb8 8. d4 cxd4 9. Nxd4 Qb6 10. Nb3 a6 11. Be3 Qc7 12. f4 d6 13. Qe2
b6 14. Rac1 Nd7 15. Nd5 exd5 16. cxd5 Nc5 17. dxc6 Nxb3 18. axb3 b5 19. Bd4 Be6
20. f5 Bxb3 21. f6 gxf6 22. Qg4+ Kh8 23. Rxf6 Bxf6 24. Bxf6# 1-0

[Event "M11"]
[Site "?"]
[Date "2022.07.28"]
[Round "8"]
[White "Soural, Jan"]
[Black "Matthai, Jakob"]
[Result "0-1"]
[ECO "E46"]
[WhiteElo "2119"]
[BlackElo "1997"]
[Annotator ",martin-koller@seznam"]
[PlyCount "74"]
[TimeControl "240+2"]

{600MB, Fritz10.ctg} 1. d4 Nf6 2. c4 e6 3. Nc3 Bb4 4. e3 c5 5. Nge2 O-O 6. a3
Bxc3+ 7. Nxc3 d6 8. Be2 Qe7 9. O-O Nc6 10. d5 exd5 11. cxd5 Nb8 12. Qc2 Re8 13.
f3 b6 14. b4 Ba6 15. b5 Bb7 16. e4 Nbd7 17. Re1 Nf8 18. Bd2 N6d7 19. f4 f6 20.
Bc4 g5 21. g3 Ng6 22. Re2 Kh8 23. Rf1 Rg8 24. Kh1 Rg7 25. Nd1 gxf4 26. gxf4
Rag8 27. Qd3 Bc8 28. Qe3 Nh4 29. Qf2 Ne5 30. fxe5 fxe5 31. Re3 Rg2 32. Qe1 Qg5
33. Rg3 Qh5 34. Rxg8+ Kxg8 35. Rg1 Bh3 36. Be2 Qg6 37. Ne3 Rxg1+ 0-1

[Event "M11"]
[Site "?"]
[Date "2022.07.28"]
[Round "8"]
[White "Kalisky, Vladimir"]
[Black "Knechtel, Roland"]
[Result "0-1"]
[ECO "B50"]
[WhiteElo "2137"]
[BlackElo "2210"]
[Annotator ",martin-koller@seznam"]
[PlyCount "108"]
[TimeControl "240+2"]

{600MB, Fritz10.ctg} 1. e4 c5 2. Nf3 d6 3. c3 Nf6 4. Bd3 Nc6 5. Bc2 Bg4 6. d3
e6 7. Nbd2 Be7 8. h3 Bh5 9. Nf1 d5 10. Qe2 dxe4 11. dxe4 Qc7 12. Bg5 Rd8 13.
N1d2 O-O 14. g4 Bg6 15. O-O-O Qa5 16. Nh4 e5 17. Kb1 b5 18. Nf5 Bxf5 19. exf5
b4 20. Bxf6 Bxf6 21. Be4 bxc3 22. Nc4 Qb5 23. Bxc6 Qxc6 24. Rhe1 cxb2 25. Rd2
Rd4 26. Rxb2 Qd5 27. Ne3 Qc6 28. Nc2 Rd7 29. Rd1 Rfd8 30. Rxd7 Qxd7 31. Ne3 e4
32. Rb3 Qd4 33. Qa6 c4 34. Qxc4 Qa1+ 35. Kc2 Qxa2+ 36. Kc1 Qd2+ 37. Kb1 Qe1+
38. Qc1 Qxf2 39. Rb7 h6 40. Nc2 Qe2 41. Na3 Qd3+ 42. Nc2 Qc3 43. Qg1 Rc8 44.
Qd1 a5 45. Qe2 e3 46. h4 Bxh4 47. Nxe3 Re8 48. Qc4 Qxc4 49. Nxc4 Re4 50. Rb8+
Kh7 51. Nd6 Re1+ 52. Kc2 Bg3 53. Rd8 Bxd6 54. Rxd6 Re4 0-1

[Event "K11"]
[Site "?"]
[Date "2022.07.28"]
[Round "8"]
[White "Hosova, Sandra"]
[Black "Cisarik, Pavol"]
[Result "1-0"]
[ECO "D02"]
[WhiteElo "1779"]
[BlackElo "1652"]
[Annotator ",martin-koller@seznam"]
[PlyCount "75"]
[TimeControl "240+2"]

{600MB, Fritz10.ctg} 1. d4 Nf6 2. Nf3 d5 3. Bf4 e6 4. e3 c5 5. c3 Nc6 6. Nbd2
Bd6 7. Ne5 O-O 8. Bd3 Qc7 9. Ndf3 Nd7 10. Ng5 Ncxe5 11. Bxh7+ Kh8 12. dxe5 Bxe5
13. Qh5 Nf6 14. Bxe5 Qxe5 15. Nxf7+ Rxf7 16. Qxe5 Kxh7 17. O-O Bd7 18. Qc7 b6
19. a4 Raf8 20. Qe5 Ne4 21. f3 Nd2 22. Rf2 Nc4 23. Qg5 Rf5 24. Qh4+ Kg8 25. Re2
Ne5 26. Qg3 R8f6 27. e4 dxe4 28. fxe4 Rg6 29. Qe3 Rf3 30. Qd2 Rd3 31. Qc2 c4
32. Rf1 Bc6 33. Qc1 Bxa4 34. Qf4 Nf3+ 35. Rxf3 Rf6 36. Qg3 Rd1+ 37. Re1 Rxf3
38. gxf3 1-0

[Event "K11"]
[Site "?"]
[Date "2022.07.28"]
[Round "8"]
[White "Spindler, Markus"]
[Black "Fitzke, Ulrich"]
[Result "1-0"]
[ECO "B22"]
[WhiteElo "1903"]
[BlackElo "1740"]
[Annotator ",martin-koller@seznam"]
[PlyCount "115"]
[TimeControl "240+2"]

{600MB, Fritz10.ctg} 1. e4 c5 2. c3 d6 3. d4 cxd4 4. cxd4 e6 5. Nc3 Nf6 6. Nf3
Be7 7. Bf4 O-O 8. Bd3 b6 9. O-O Ba6 10. Rc1 Bxd3 11. Qxd3 Nbd7 12. Rfe1 a6 13.
a4 h6 14. h3 Nh7 15. Re2 Ng5 16. Rec2 Nxf3+ 17. Qxf3 Re8 18. Qg3 Bh4 19. Qg4
Bg5 20. Bxg5 Qxg5 21. Qxg5 hxg5 22. Nd1 Kf8 23. Rc7 Ke7 24. Ne3 b5 25. b3 Reb8
26. a5 Kd8 27. Kf1 Rc8 28. R7c6 Rxc6 29. Rxc6 Ke7 30. Ke2 Ra7 31. Kd3 Nb8 32.
Rc8 Nd7 33. Nc2 e5 34. Nb4 Kf6 35. Rc6 exd4 36. Rxd6+ Ke5 37. Rd5+ Kf6 38. Kxd4
Nf8 39. Rd6+ Ne6+ 40. Ke3 Ke5 41. Rd5+ Kf6 42. g3 Ra8 43. Rd6 Ke5 44. Rxa6 Rc8
45. Rc6 Ra8 46. Nd3+ Kf6 47. b4 Ke7 48. Nc5 Nxc5 49. Rxc5 f6 50. Rxb5 Rc8 51.
Rb7+ Kf8 52. a6 Rc3+ 53. Ke2 Rc2+ 54. Kf3 Rc3+ 55. Kg2 Rc4 56. a7 Rxe4 57.
a8=Q+ Re8 58. Rb8 1-0

[Event "M11"]
[Site "?"]
[Date "2022.07.28"]
[Round "8"]
[White "Petras, Milan"]
[Black "Hajek, Zdenek"]
[Result "0-1"]
[ECO "D36"]
[WhiteElo "1868"]
[BlackElo "1958"]
[Annotator ",martin-koller@seznam"]
[PlyCount "96"]
[TimeControl "240+2"]

{600MB, Fritz10.ctg} 1. d4 Nf6 2. c4 e6 3. Nc3 d5 4. Bg5 Be7 5. e3 O-O 6. Qc2
c6 7. cxd5 exd5 8. Bd3 h6 9. Bxf6 Bxf6 10. Nge2 Re8 11. O-O Nd7 12. b4 Nb6 13.
Rab1 Nc4 14. Bxc4 dxc4 15. a4 Bd7 16. Rfd1 b5 17. a5 Bg4 18. f3 Bh5 19. Ne4 Bg5
20. Qd2 f5 21. Nxg5 Qxg5 22. Nf4 Bxf3 23. Rf1 Be4 24. Rbe1 Rad8 25. a6 Kh7 26.
Rf2 Rd7 27. Ne2 Rde7 28. g3 g6 29. h4 Qf6 30. Rh2 Kg7 31. Nf4 Bf3 32. h5 gxh5
33. Qf2 Bg4 34. Nxh5+ Bxh5 35. Rxh5 Rf7 36. Rf1 Qg6 37. Qf3 Rxe3 38. Qxe3 Qxh5
39. Qe5+ Kh7 40. Kg2 Qg6 41. Kf2 Qg5 42. Re1 Kg6 43. Qh8 Qf6 44. Qg8+ Rg7 45.
Qe6 Rf7 46. Re5 Kg5 47. Kf3 h5 48. Re2 Rf8 0-1

[Event "M11"]
[Site "?"]
[Date "2022.07.29"]
[Round "9"]
[White "Wunsch, Ulrich"]
[Black "Thomasson, Staffan"]
[Result "1-0"]
[ECO "D00"]
[WhiteElo "1969"]
[BlackElo "1749"]
[Annotator ",martin-koller@seznam"]
[PlyCount "57"]
[TimeControl "240+2"]

{600MB, Fritz10.ctg} 1. d4 d5 2. Nc3 Nf6 3. Bf4 Bf5 4. e3 e6 5. f3 Be7 6. g4
Bg6 7. h4 Nxg4 8. fxg4 Bxh4+ 9. Kd2 Be7 10. Bd3 Bd6 11. Qf3 c5 12. Bxd6 Qxd6
13. Bxg6 fxg6 14. Rf1 Qe7 15. Qf4 cxd4 16. exd4 Nc6 17. Nge2 O-O-O 18. Kc1 Rhf8
19. Qe3 Rxf1+ 20. Rxf1 e5 21. Kb1 Qh4 22. Qf3 e4 23. Qg2 Qg5 24. Qg3 a6 25. Rf7
Rd7 26. Rf8+ Rd8 27. Rxd8+ Nxd8 28. Qd6 Qxg4 29. Nxd5 1-0

[Event "M11"]
[Site "?"]
[Date "2022.07.29"]
[Round "9"]
[White "Knechtel, Roland"]
[Black "Hatrwig, Maik"]
[Result "1/2-1/2"]
[ECO "A42"]
[WhiteElo "2210"]
[BlackElo "2051"]
[Annotator ",martin-koller@seznam"]
[PlyCount "62"]
[TimeControl "240+2"]

{600MB, Fritz10.ctg} 1. d4 g6 2. c4 Bg7 3. e4 d6 4. Nc3 Nc6 5. Be3 e5 6. Nge2
exd4 7. Nxd4 Nxd4 8. Bxd4 Bxd4 9. Qxd4 Qf6 10. Qd2 Be6 11. Nb5 Qe7 12. Qc3 f6
13. Bd3 Nh6 14. O-O O-O 15. Rae1 a6 16. Nd4 Bd7 17. f4 Qg7 18. c5 dxc5 19. Qxc5
c6 20. Bc4+ Kh8 21. Qb6 Rab8 22. h3 Rfe8 23. a4 Nf7 24. Qc7 Rbd8 25. Nf3 b5 26.
Bb3 Be6 27. Bc2 g5 28. fxg5 Nxg5 29. Qxg7+ Kxg7 30. axb5 axb5 31. Nxg5 fxg5
1/2-1/2